 Dungeon Crawl Stone Soup version 0.26-a0-651-gb41185065b (webtiles) character file.

Game seed: 2207566922687921998

36 Flugslaktarn the Skirmisher (level 3, 0/29 HPs)
             Began as a Human Fighter on Oct 26, 2020.
             Succumbed to an adder's poison
             ... on level 2 of the Dungeon.
             The game lasted 00:00:28 (1010 turns).

Flugslaktarn the Skirmisher (Human Fighter)         Turns: 1010, Time: 00:00:29

Health: 0/29       AC: 10    Str: 17    XL:     3   Next: 57%
Magic:  3/3        EV:  7    Int:  8    God:
Gold:   59         SH:  9    Dex: 12    Spells: 2/2 levels left

rFire    . . .     SeeInvis .   a - +0 war axe
rCold    . . .     Faith    .   c - +0 kite shield
rNeg     . . .     Spirit   .   b - +0 scale mail
rPois    .         Reflect  .   i - +2 helmet
rElec    .         Harm     .   (no cloak)
rCorr    .         Rampage  .   (no gloves)
MR       .....                  (no boots)
Stlth    ..........             (no amulet)
HPRegen  0.09/turn              (no ring)
MPRegen  0.08/turn              (no ring)

@: lethally poisoned (0 -> -17)
A: no striking features
a: no special abilities


You were on level 2 of the Dungeon.
You visited 1 branch of the dungeon, and saw 2 of its levels.

You collected 59 gold pieces.

Inventory:

Hand Weapons
 a - a +0 war axe (weapon)
Armour
 b - a +0 scale mail (worn)
 c - a +0 kite shield (worn)
 i - a +2 helmet (worn)
   (You found it on level 1 of the Dungeon)
Scrolls
 f - 2 scrolls of teleportation {unknown}
 g - a scroll of remove curse {unknown}
 k - a scroll of amnesia {unknown}
 l - a scroll of random uselessness {unknown}
 m - 2 scrolls of immolation {unknown}
Potions
 d - a potion of might
 e - 2 potions of resistance {unknown}
 h - a potion of berserk rage {unknown}
 j - a potion of lignification {unknown}


   Skills:
 + Level 3.3 Fighting
 * Level 2.7 Axes
 + Level 3.3 Armour
 + Level 3.2 Shields


You had 2 spell levels left.
You didn't know any spells.
Your spell library was empty.

Dungeon Overview and Level Annotations

Branches:
Dungeon (2/15)

Altars:


Message History

You barely miss the adder.
You feel sick. You block the adder's attack. The adder closely misses you.
You are too injured to fight recklessly!
You are too injured to fight recklessly!
You are too injured to fight recklessly!
You are too injured to fight recklessly!
Unknown command.
You hit the adder.
The adder is lightly wounded.
You feel sick. The adder bites you.
* * * LOW HITPOINT WARNING * * *
You are more poisoned.
The adder poisons you! The adder bites you.
* * * LOW HITPOINT WARNING * * *
You are more poisoned.
The adder poisons you!
You are too injured to fight recklessly!
You miss the adder.
The adder is lightly wounded.
You die...

#.####.##.#######...
#...........<..
####.########.#
#.............
##.#.########.#
##..### ....
###8..8## #.#.#
#.......# . #.#
#@...>[.# .#
......)S#8..8##
.......###..##
....... #### ..[....
....... .......
.......


You could see an adder.

Vanquished Creatures
  An adder (D:2)
  A leopard gecko (D:1)
  5 bats (D:1)
  A giant cockroach (D:1)
  6 goblins (D:1)
  A hobgoblin (D:1)
  5 frilled lizards
  4 kobolds
  A rat (D:2)
25 creatures vanquished.

Notes
Turn   | Place    | Note
-------+----------+-------------------------------------------
     0 | D:1      | Flugslaktarn the Human Fighter began the quest for the Orb.
     0 | D:1      | Reached XP level 1. HP: 18/18 MP: 1/1
   204 | D:1      | Reached XP level 2. HP: 23/24 MP: 2/2
   490 | D:1      | Reached XP level 3. HP: 25/29 MP: 3/3
  1010 | D:2      | Succumbed to an adder's poison

Illustrated notes

Levels and vault maps discovered:
D:1:      lightli_arrival_chessboard, layout_basic
D:2:      layout_basic, st_stairs_6

Action                   || total
-------------------------++-------
Melee: War axe           ||    78
Armor: Scale mail        ||    44
Dodge: Dodged            ||    30
Block: Kite shield       ||    50

Table legend: (Time is in decaauts)
 A = Elapsed time spent in this place.
 B = Non-inter-level travel time spent in this place.
 C = Inter-level travel time spent in this place.
 D = Time resting spent in this place.
 E = Time spent auto-exploring this place.
 F = Levels seen in this place.
 G = Mean time per level.
                   A        B        C        D        E       F      G
               +--------+--------+--------+--------+--------+-----+--------+
         Total |   1045 |   1015 |     30 |      0 |    798 |   2 |  522.5 |
       Dungeon |   1045 |   1015 |     30 |      0 |    798 |   2 |  522.5 |
               +--------+--------+--------+--------+--------+-----+--------+

Top non-repeatable levels by time:
     D:1: 951 daAuts
     D:2: 93 daAuts
